 Dungeon Crawl Stone Soup version 0.20.1-1-g8b1a95d (webtiles) character file.

60 HammerPanzer the Distorting Demonspawn (level 3, -3/29 HPs)
             Began as a Demonspawn Abyssal Knight on Oct 29, 2017.
             Was a Believer of Lugonu.
             Killed by divine providence
             ... invoked by an orc priest
              (14 damage)
             ... on level 3 of the Dungeon.
             The game lasted 00:07:15 (1772 turns).

HammerPanzer the Distorting Demonspawn (DsAK)       Turns: 1772, Time: 00:07:16

Health: -3/29      AC: 11    Str: 13    XL:     3   Next: 82%
Magic:  5/5        EV:  6    Int: 13    God:    Lugonu [**....]
Gold:   74         SH:  0    Dex: 12    Spells: 4/4 levels left

rFire    . . .     SeeInvis .   q - +0 flail
rCold    . . .     Gourm    .   (no shield)
rNeg     . . .     Faith    .   u - +0 chain mail (curse)
rPois    .         Spirit   .   (no helmet)
rElec    .         Reflect  .   (no cloak)
rCorr    .         Harm     .   i - +2 pair of gloves
MR       .....                  (no boots)
Stlth    ..........             e - amulet of magic regeneration
Regen    0.1/turn               f - ring of wizardry
MPRegen  0.2/turn               o - ring of stealth

@: no status effects
A: hooves 1
a: Depart the Abyss, Bend Space, Renounce Religion


You were on level 3 of the Dungeon.
You worshipped Lugonu.
Lugonu was pleased with you.
You were not hungry.

You visited 1 branch of the dungeon, and saw 3 of its levels.
You visited the Abyss 1 time.

You collected 74 gold pieces.

Inventory:

Hand Weapons
 q - a +0 flail (weapon)
Armour
 i - a +2 pair of gloves (worn)
 u - a cursed +0 chain mail (worn)
Jewellery
 e - an amulet of magic regeneration (around neck)
 f - a ring of wizardry (left hand)
 o - a ring of stealth (right hand)
 s - a cursed ring of loudness {unknown}
 w - a cursed ring of loudness {unknown}
Scrolls
 a - a scroll of blinking {unknown}
 b - a scroll of teleportation {unknown}
 h - a scroll of random uselessness {unknown}
 j - 2 scrolls of identify {unknown}
 k - a scroll of enchant weapon {unknown}
 m - 2 scrolls of remove curse {unknown}
 n - a scroll of recharging {unknown}
Potions
 p - a potion of heal wounds {unknown}
 r - a potion of ambrosia {unknown}
 t - a potion of degeneration {unknown}
 v - a potion of brilliance {unknown}
Comestibles
 c - a bread ration
 g - a royal jelly
 l - 2 meat rations


   Skills:
 - Level 3.3 Fighting
 * Level 2.8 Maces & Flails
 - Level 1.7 Armour
 - Level 0.8 Dodging
 + Level 1.0 Spellcasting
 + Level 3.4 Invocations


You had 4 spell levels left.
You didn't know any spells.

Dungeon Overview and Level Annotations

Branches:
Dungeon (3/15)

Altars:
Ashenzari


Innate Abilities, Weirdness & Mutations

You have large cloven feet.


Message History

You see here a tomahawk.
Your chain mail prevents you from hitting the rat.
The rat barely misses you.
You closely miss the rat.
The rat bites you but does no damage. x2
You hit the rat.
The rat is heavily wounded.
The rat bites you but does no damage.
You hit the rat.
You kill the rat!
Lugonu accepts your kill. The orc hits you but does no damage.
You completely miss the orc.
The orc throws a tomahawk.
The tomahawk hits you.
You see here a tomahawk.
The orc priest invokes the aid of Beogh against you.
Beogh smites you!
There is a stone staircase leading up here.
The orc priest mumbles some strange prayers to Beogh against you.
Beogh smites you!
You die...

###†#.#......
##[..#........
#.(####.(.....
##o## #......
#o.# .>oo..
###.## ......
#....#####.
#.o.
#)o........
#.@..####..
######


You could see an orc priest and 2 orcs.

Vanquished Creatures
  An adder (D:2)
  2 dart slugs (D:1)
  A leopard gecko (D:3)
  An orc (D:3)
  3 giant cockroaches
  2 goblins (D:2)
  8 hobgoblins
  2 jackals (D:2)
  A quokka (D:2)
  6 bats
  2 frilled lizards
  6 kobolds
  8 rats
43 creatures vanquished.

Notes
Turn   | Place    | Note
-------+----------+-------------------------------------------
     0 | Abyss:1  | HammerPanzer the Demonspawn Abyssal Knight began the quest for the Orb.
     0 | Abyss:1  | Reached XP level 1. HP: 18/18 MP: 2/2
    24 | Abyss:1  | Noticed a small abomination
    32 | D:1      | Escaped the Abyss
   263 | D:1      | Reached * piety under Lugonu
   536 | D:1      | Gained mutation: You have large cloven feet. [demonic ancestry]
   536 | D:1      | Reached XP level 2. HP: 24/24 MP: 3/3
   852 | D:2      | Reached XP level 3. HP: 27/29 MP: 5/5
  1263 | D:2      | Reached ** piety under Lugonu
  1381 | D:2      | Found a shattered altar of Ashenzari.
  1482 | D:2      | Reached skill level 1 in Spellcasting
  1772 | D:3      | Killed from afar by an orc priest

Skill      XL: |  1  2  3 |
---------------+----------+-----
Maces & Flails | 2 |  2.8
Invocations    | 3 |  3.4
Spellcasting   | 1 |  1.0
Fighting       | |  3.3
Armour         | |  1.7
Dodging        | |  0.8

Action                   || total
-------------------------++-------
Melee: Mace              ||    52
       Kick              ||    15
       Flail             ||    65
Invok: Depart the Abyss  ||     1
 Stab: Sleeping          ||     4
  Eat: Chunk             ||     3
Armor: Leather armour    ||    27
       Chain mail        ||    34
Dodge: Dodged            ||    64
